AoeStats
← Lagarto

Arabian Desert

509953412Analyzed
1v1 RM · 2d ago on Sep 28, 2026· 27m 14s· 2 players
Game mode
Random Map
Map size
Tiny (2 player)
Population
200
Speed
Normal
Resources
Standard
Victory
Conquest
Starting age
Dark Age
Ending age
Imperial Age
RankedLock teamsTeams togetherTeam positionsShared explorationLock speedFull tech treeHidden civsTurbo modeCheats
Victory
Defeat
🇺🇸 Franks · United States
383
+21
🇪🇸 Huns · Spain
502
-21
Skibidi Chungus
4:24 Loom
10:09 Feudal Age
11:29 Wheelbarrow
22:29 Castle Age
23:19 Husbandry
23:29 Scale Barding Armor
23:35 Forging
27:22 Chain Barding Armor
27:37 Iron Casting
Lagarto
11:44 Feudal Age
12:33 Horse Collar
13:41 Wheelbarrow
12:52 Town Watch
15:01 Double-Bit Axe
26:41 Castle Age
Connection lost

Rejoining the realm…

Still unreachable

The connection could not be restored.

Session expired

The server has moved on; the page needs a fresh start.